 Dungeon Crawl Stone Soup version 0.23.2-33-g5129a83184 (webtiles) character file.

Game seed: 7574015332958859830

161 t4s4d4r the Insei (level 5, -3/33 HPs)
             Began as an Octopode Transmuter on July 16, 2019.
             Slain by a gnoll
             ... wielding a +0 flail
              (11 damage)
             ... on level 3 of the Dungeon.
             The game lasted 00:02:31 (2389 turns).

t4s4d4r the Insei (Octopode Transmuter)             Turns: 2389, Time: 00:02:32

Health: -3/33      AC:  1    Str:  9    XL:     5   Next: 42%
Magic:  8/8        EV: 13    Int: 17    God:
Gold:   156        SH:  0    Dex: 12    Spells: 5/8 levels left

rFire    . . .     SeeInvis .     - Unarmed
rCold    . . .     Gourm    .   (no shield)
rNeg     . . .     Faith    .   (helmet restricted)
rPois    .         Spirit   .   (no amulet)
rElec    .         Reflect  .   (no ring)
rCorr    .         Harm     .   (no ring)
MR       .....                  (no ring)
Stlth    ++........             (no ring)
HPRegen  0.11/turn              (no ring)
MPRegen  0.11/turn              (no ring)
                                (no ring)
                                (no ring)

@: no status effects
A: almost no armour, stealthy swim, amphibious, 8 rings, constrict 8, camouflage
1, gelatinous body 1
a: no special abilities


You were on level 3 of the Dungeon.
You were not hungry.

You visited 1 branch of the dungeon, and saw 3 of its levels.

You collected 156 gold pieces.

Inventory:

Missiles
 a - 98 arrows
 h - 98 stones (quivered)
Wands
 r - a wand of polymorph (18)
Scrolls
 b - 2 scrolls of identify
 d - a scroll of blinking {unknown}
 k - 2 scrolls of fear
 l - a scroll of immolation {unknown}
 n - a scroll of enchant armour {unknown}
 o - a scroll of remove curse {unknown}
 p - 2 scrolls of teleportation
 s - 2 scrolls of noise {unknown}
Potions
 e - a potion of ambrosia {unknown}
 f - a potion of degeneration {unknown}
 g - a potion of mutation {unknown}
 i - 2 potions of haste
 m - 2 potions of curing
 q - a potion of brilliance {unknown}
 t - a potion of might {unknown}
Comestibles
 c - 4 rations
 u - 2 chunks of flesh


   Skills:
 - Level 1.0 Fighting
 - Level 2.0 Dodging
 + Level 5.9 Unarmed Combat
 - Level 2.0 Spellcasting
 - Level 2.0 Transmutations


You had 5 spell levels left.
You knew the following spells:

 Your Spells              Type           Power        Failure   Level  Hunger
a - Beastly Appendage     Tmut           #.....       9%          1    #......
b - Sticks to Snakes      Tmut           #.......     13%         2    ###....

Your spell library contained the following spells:

 Spells                   Type           Power        Failure   Level  Hunger
 Spider Form              Tmut/Pois      #.........   36%         3    ###....
 Ice Form                 Ice/Tmut       #.......     77%         4    #####..
 Blade Hands              Tmut           #.........   93%         5    ######.


Dungeon Overview and Level Annotations

Branches:
Dungeon (3/15)

Altars:
Cheibriados
Dithmenos
Fedhas
Kikubaaqudgha
Nemelex Xobeh
Okawaru
Xom
Yredelemnul


Innate Abilities, Weirdness & Mutations

You cannot wear most types of armour.
You are very stealthy in the water. (Stealth+)
You are amphibious.
You can wear up to eight rings at the same time.
You can use your tentacles to constrict eight enemies at once.
Your skin changes colour to match your surroundings (Stealth+).
Your rubbery body absorbs attacks. (AC +1, EV +1)


Message History

You are held in a net!
You are held in a net!
You are held in a net!
You are held in a net!
You are held in a net!
You are held in a net!
You are held in a net!
You are held in a net!
You are held in a net!
You are held in a net!
You are held in a net!
You are held in a net!
You are held in a net!
Unknown command.
You struggle against the net.
You tear a large gash into the net.
The gnoll hits you with a +0 flail!
* * * LOW HITPOINT WARNING * * *
Unknown command.
You rip the net and break free!
The gnoll hits you with a +0 flail!
You die...

#.##.....###.....)
##.###...## #......
#....##.## +......
##.####.#####......
#.# #.....#'#####
#.# ####.....# #.#
#.....# #.# #.....#
#@# #.....# #g#
#.....# #.# #.....#
#.# #.....## #.#
####..รท...# #.#
.......###.# #..
......#....# ###
#######.#### #.#


You could see a gnoll.

Vanquished Creatures
  A bullfrog skeleton (D:2)
  2 gnolls (D:3)
  5 adders
  An ooze (D:1)
  2 dart slugs
  A leopard gecko (D:3)
  3 giant cockroaches
  6 goblins
  5 hobgoblins
  10 jackals
  A ball python (D:1)
  7 bats
  3 frilled lizards
  7 kobolds
  2 rats (D:1)
56 creatures vanquished.

Notes
Turn   | Place    | Note
-------+----------+-------------------------------------------
     0 | D:1      | t4s4d4r the Octopode Transmuter began the quest for the
                  | Orb.
     0 | D:1      | Reached XP level 1. HP: 13/13 MP: 3/3
   146 | D:1      | Reached XP level 2. HP: 18/18 MP: 5/5
   158 | D:1      | Learned a level 2 spell: Sticks to Snakes
   295 | D:1      | Reached skill level 4 in Unarmed Combat
   426 | D:1      | Reached XP level 3. HP: 23/23 MP: 6/6
  1090 | D:2      | Reached XP level 4. HP: 12/28 MP: 7/7
  1414 | D:2      | Reached skill level 5 in Unarmed Combat
  1749 | D:2      | Found a shimmering altar of Xom.
  1939 | D:2      | Found an ancient bone altar of Kikubaaqudgha.
  2014 | D:3      | Found a shadowy altar of Dithmenos.
  2049 | D:3      | Found a basalt altar of Yredelemnul.
  2072 | D:3      | Found an iron altar of Okawaru.
  2079 | D:3      | Reached XP level 5. HP: 33/33 MP: 8/8
  2092 | D:3      | Found a snail-covered altar of Cheibriados.
  2128 | D:3      | Found a blossoming altar of Fedhas.
  2357 | D:3      | Found a sparkling altar of Nemelex Xobeh.
  2389 | D:3      | Slain by a gnoll

Skill      XL: |  1  2  3  4 |
---------------+-------------+-----
Unarmed Combat | 4 5 |  5.9
Fighting       | |  1.0
Dodging        | |  2.0
Spellcasting   | |  2.0
Transmutations | |  2.0

Action                   |  1- 3 |  4- 6 || total
-------------------------+-------+-------++-------
Melee: Unarmed           |    65 |    55 ||   120
       Constrict         |    22 |    14 ||    36
       Tentacles         |    12 |     9 ||    21
       Punch             |     4 |       ||     4
       Whip              |    12 |       ||    12
  Use: Scroll            |       |     7 ||     7
 Stab: Sleeping          |     4 |     4 ||     8
  Eat: Chunk             |     1 |     4 ||     5
Armor: Skin              |     5 |     2 ||     7
Dodge: Dodged            |    65 |    24 ||    89
